 Dungeon Crawl Stone Soup version 0.15-a0-35-ga771cbd (webtiles) character file.

529 4tharraofdagon the Chopper (level 6, -1/55 HPs)
             Began as a Minotaur Gladiator on Apr 2, 2014.
             Slain by a scorpion (3 damage)
             ... on Level 6 of the Dungeon.
             The game lasted 00:02:36 (436 turns).

4tharraofdagon the Chopper (Minotaur Gladiator)      Turns: 436, Time: 00:02:36

HP  -1/55        AC  3     Str 19      XL: 6   Next: 75%
MP   3/3         EV 12     Int  7      God:
Gold 78          SH  0     Dex 11      Spells:  0 memorised,  5 levels left

rFire  . . .     SeeInvis .     a - +0 war axe
rCold  . . .     Clarity  .     b - +0 leather armour
rNeg   . . .     Conserve .     (no shield)
rPois  .         rCorr    .     c - +0 hat
rElec  .         rRot     .     (no cloak)
SustAb . .       Spirit   .     (no gloves)
rMut   .         Warding  .     (no boots)
Saprov . . .     Stasis   .     (no amulet)
MR     .....                    (no ring)
                                (no ring)

@: flying, drained, not resistant to hostile enchantments, very unstealthy
A: retaliatory headbutt, horns 2
a: no special abilities


You were on level 6 of the Dungeon.
You were not hungry.

You visited 1 branch of the dungeon, and saw 4 of its levels.

You collected 78 gold pieces.

Inventory:

Hand weapons
 a - a +0,+0 war axe (weapon)
Missiles
 g - 5 javelins (quivered)
 k - 2 curare-tipped needles
Armour
 b - a +0 leather armour (worn)
 c - a +0 hat (worn)
Magical devices
 m - a wand of lightning (0)
 n - a wand of random effects (2)
Comestibles
 d - 3 chunks of centaur flesh
 f - a bread ration
Scrolls
 i - 2 scrolls of identify {unknown}
 j - a scroll of teleportation {unknown}
Potions
 h - a potion of might {unknown}
 l - a potion of resistance {unknown}


   Skills:
 + Level 4.9(4.4) Fighting
 * Level 6.9(6.4) Axes
 - Level 2.0(1.5) Throwing
 + Level 4.0(3.5) Armour
 - Level 3.2(2.7) Dodging


You had 5 spell levels left.
You didn't know any spells.

Dungeon Overview and Level Annotations

Branches:
Dungeon (6/15)
 Temple: D:4-7

Altars:
Nemelex Xobeh
Okawaru


Innate Abilities, Weirdness & Mutations

You reflexively headbutt those who attack you in melee.
You have a pair of horns on your head.


Message History

Evoke which item? (* to show all) (? for menu, Esc to quit)
Zapping:
n - a wand of random effects {zapped: 5}
Press: ? - help, Shift-Dir - straight line, f/p - scorpion
Aim: a scorpion Nothing appears to happen!
Evoke which item? (* to show all) (? for menu, Esc to quit)
Zapping:
n - a wand of random effects {zapped: 6}
Press: ? - help, Shift-Dir - straight line, f/p - scorpion
Aim: a scorpion The fireball explodes!!!
The fireball engulfs something!
Reactivating autopickup!
Your Armour skill increases to level 4!!!
You feel a bit more experienced!
The fireball engulfs the scorpion!
The scorpion is heavily wounded!
The fireball engulfs you!!!
* * * LOW HITPOINT WARNING * * *
Drink which item? (? for menu, Esc to quit)
You feel very buoyant!
You fly up into the air!
It was a potion of flight!
The scorpion stings you!
You die!!!

##..#
########.#####....>..##. ....
....<...........<....##. #..#
########)#####......#### #..#
#.# #.....># ##..######## #.#
#......# #.<........# #.#
######## #..........# #.#
#..(.......#####.############
#.......p..).)s@............#
###.############.############
#.# #.# #.# #.# #.# ≈ #.# #.#
≈≈.≈≈#####.# ... .≈.≈...s...#
#.# ##...####### #.# #


You could see a phantom and a scorpion.

Vanquished Creatures
  A centaur (D:6)
  An ice beast (D:6)
  A scorpion (D:6)
  4 wights (D:6)
  A hound (D:6)
  A worker ant (D:6)
  An adder (D:6)
  3 giant cockroaches
  A goblin (D:6)
  A hobgoblin (D:1)
  3 kobolds (D:2)
  A bat (D:6)
  3 rats
22 creatures vanquished.

Notes
Turn   | Place    | Note
--------------------------------------------------------------
     0 | D:1      | 4tharraofdagon, the Minotaur Gladiator, began the quest for the Orb.
     0 | D:1      | Reached XP level 1. HP: 18/18 MP: 1/1
   163 | D:2      | Found a sparkling altar of Nemelex Xobeh.
   204 | D:3      | Reached XP level 2. HP: 24/26 MP: 1/1
   207 | D:3      | Found an iron altar of Okawaru.
   224 | D:3      | You fall through a shaft!
   224 | D:6      | Noticed a centaur
   233 | D:6      | Killed a centaur
   233 | D:6      | Reached skill level 4 in Axes
   233 | D:6      | Reached XP level 3. HP: 2/33 MP: 2/2
   233 | D:6      | Reached XP level 4. HP: 2/40 MP: 2/2
   261 | D:6      | Noticed an ice beast
   265 | D:6      | Reached skill level 5 in Axes
   271 | D:6      | Killed an ice beast
   271 | D:6      | Reached XP level 5. HP: 13/46 MP: 2/2
   380 | D:6      | Noticed a scorpion
   398 | D:6      | Killed a scorpion
   398 | D:6      | Reached skill level 6 in Axes
   398 | D:6      | Reached XP level 6. HP: 23/53 MP: 3/3
   406 | D:6      | Noticed a wight
   406 | D:6      | Noticed a phantom
   408 | D:6      | Noticed a wight
   413 | D:6      | Noticed a wight
   416 | D:6      | Noticed a wight
   418 | D:6      | Noticed a scorpion
   422 | D:6      | Killed a wight
   424 | D:6      | Killed a wight
   430 | D:6      | Killed a wight
   435 | D:6      | Killed a wight
   435 | D:6      | HP: 2/55 [shot self (9)]
   436 | D:6      | Slain by a scorpion

Action                   |  1- 3 |  4- 6 || total
-------------------------+-------+-------++-------
Melee: War axe           |    19 |    21 ||    40
Throw: Throwing net      |     3 |       ||     3
       Javelin           |       |     1 ||     1
Evoke: Wand              |       |    13 ||    13
  Use: Potion            |       |     2 ||     2
 Stab: Held in net/web   |     1 |       ||     1
       Paralysed         |       |     4 ||     4
